 Dungeon Crawl Stone Soup version 0.29.1-1-gd02db6906a (webtiles) character file.

Game seed: 4142168479260749122

1240 mortz the Sneak (level 8, -9/38 HPs)
             Began as a Kobold Earth Elementalist on Sept 23, 2022.
             Was a Follower of Hepliaklqana.
             Mangled by an orc warrior
             ... wielding a +0 long sword
              (11 damage)
             ... on level 5 of the Dungeon on Sept 24, 2022.
             The game lasted 00:22:52 (8183 turns).

mortz the Sneak (Kobold Earth Elementalist)         Turns: 8183, Time: 00:22:52

Health: -9/38      AC:  6    Str:  5    XL:     8   Next: 78%
Magic:  11/17      EV: 14    Int: 19    God:    Hepliaklqana [*.....]
Gold:   310        SH:  0    Dex: 15    Spells: 13/19 levels left

rFire   . . .      SeeInvis .   q - +0 short sword (speed)
rCold   . . .      Faith    .   (no shield)
rNeg    . . .      Spirit   .   m - +0 leather armour
rPois   .          Reflect  .   (no helmet)
rElec   .          Harm     .   t - +0 cloak
rCorr   .          Rampage  .   i - +1 pair of gloves
Will    .....                   (no boots)
Stlth   ++++......              (no amulet)
HPRegen 0.12/turn               (no ring)
MPRegen 0.15/turn               (no ring)

@: no status effects
A: reduced essence, small, no large weapons, nightstalker 3
a: Renounce Religion, Recall Ancestor, Ancestor Identity


You were on level 5 of the Dungeon.
You worshipped Hepliaklqana.
Hepliaklqana was aware of your devotion.
You visited 2 branches of the dungeon, and saw 7 of its levels.

You collected 310 gold pieces.

Inventory:

Hand Weapons
 d - a +0 short sword
 e - a +0 dagger
 p - a +0 dagger
 q - a +0 short sword of speed (weapon)
Missiles
 g - a throwing net
 y - 5 poisoned darts
Armour
 a - a +0 robe
 i - a +1 pair of gloves (worn)
 m - a +0 leather armour (worn)
 t - a +0 cloak (worn)
Jewellery
 c - a ring of fire
Wands
 v - a wand of flame (13)
Scrolls
 h - a scroll of blinking
 o - 3 scrolls of teleportation
 r - 2 scrolls of enchant armour {unknown}
 s - 2 scrolls of identify
 u - a scroll of enchant weapon {unknown}
 w - a scroll of brand weapon {unknown}
 x - a scroll of amnesia {unknown}
Potions
 b - a potion of magic
 j - 2 potions of might
 k - a potion of attraction
 l - 3 potions of flight
 n - 2 potions of haste


   Skills:
 + Level 1.1 Fighting
 + Level 1.9 Short Blades
 + Level 2.0 Armour
 + Level 3.0 Dodging
 + Level 6.7 Stealth
 + Level 6.1 Spellcasting
 * Level 1.9 Transmutations
 * Level 6.1 Earth Magic


You had 13 spell levels left.
You knew the following spells:

 Your Spells              Type           Power      Damage    Failure   Level
a - Sandblast             Erth           58%        2d13      1%          1
b - Passwall              Tmut/Erth      17%        N/A       5%          2
c - Stone Arrow           Conj/Erth      34%        3d9       16%         3

Your spell library contained the following spells:

 Spells                   Type           Power      Damage    Failure   Level
 Ensorcelled Hibernation  Hex/Ice        10%        N/A       26%         2
 Petrify                  Tmut/Erth      21%        N/A       34%         4
 Spider Form              Tmut/Pois      9%         N/A       36%         3
 Anguish                  Hex/Necr       2%         N/A       87%         4


Dungeon Overview and Level Annotations

Branches:
Dungeon (6/15) Zot: 26081  Temple (1/1) D:5 Zot: 5924

Altars:
Cheibriados
Dithmenos
Elyvilon
Gozag
Hepliaklqana
Makhleb
Qazlal
Vehumet
Zin
The Shining One

Shops:
D:2 [   D:4 *


Innate Abilities, Weirdness & Mutations

Your life essence is reduced to manifest your ancestor. (-10% HP)
You are small and have problems with some larger weapons.
You are completely attuned to the shadows.


Message History

The orc warrior is almost dead.
The orc warrior hits you with a +0 long sword!
The orc warrior barely misses you.
You are too injured to fight recklessly!
Aiming: Sandblast (safe; 1% risk of failure)
Press: ? - help, Q - select action, (/) - cycle Shift-Dir - straight line, f/p - orc warrior
Aim: an orc warrior, wielding a +0 long sword and wearing a +0 plate armour (almost dead, 83% to hit)
The blast of sand hits the orc warrior but does no damage.
The orc warrior is almost dead.
The orc warrior hits you with a +0 long sword!
* * * LOW HITPOINT WARNING * * *
You see here a +0 dagger.
The orc warrior attacks as you move away!
The orc warrior hits you with a +0 long sword.
* * * LOW HITPOINT WARNING * * *
Aiming: Sandblast (safe; 1% risk of failure)
Press: ? - help, Q - select action, (/) - cycle Shift-Dir - straight line, f/p - orc warrior
Aim: an orc warrior, wielding a +0 long sword and wearing a +0 plate armour (almost dead, 83% to hit)
Okay, then.
You feel better.
The orc warrior hits you with a +0 long sword!
* * * LOW HITPOINT WARNING * * *
The orc attacks as you move away! The orc barely misses you.
There is a stone staircase leading up here.
The orc warrior closely misses you.
You climb upwards.
There is a stone staircase leading down here.
You are too injured to fight recklessly!
Aiming: Sandblast (safe; 1% risk of failure)
Press: ? - help, Q - select action, (/) - cycle Shift-Dir - straight line, f - orc warrior
Aim: an orc warrior, wielding a +0 long sword and wearing a +0 plate armour (almost dead, 83% to hit)
Okay, then.
Aiming: Sandblast (safe; 1% risk of failure)
Press: ? - help, Q - select action, (/) - cycle Shift-Dir - straight line, f - orc warrior
Aim: an orc warrior, wielding a +0 long sword and wearing a +0 plate armour (almost dead, 83% to hit)
The blast of sand hits the orc warrior but does no damage.
The orc warrior is almost dead.
The orc warrior misses you.
The orc warrior hits you with a +0 long sword!
You die...

#### #.)#### #.#.#.##
#.).#..# ####.#...#.
#......#)..
#.##.#.).#.
########.##...#..#
#@........#.#.#.##
###o#....##.#..####.
#......)....####....
###.#.##)#............
#........#.#.########.
#..........#.### #.
#..............# #.
#^.....#####.#.# #.
#............#.# #.


You could see an orc warrior.

Vanquished Creatures
  Grinder (D:3)
  A black bear (D:4)
  An ogre (D:5)
  A centaur (D:6)
  A phantom (D:5)
  A necrophage (D:5)
  2 scorpions
  3 hounds
  2 jellies (D:5)
  2 iguanas
  2 orc wizards
  8 gnolls
  6 adders
  A shadow imp (D:5)
  A white imp (D:5)
  2 ufetubi
  A worm (D:2)
  3 dart slugs
  14 orcs
  4 bats
  9 endoplasms
  A giant cockroach (D:1)
  3 goblins
  5 hobgoblins
  7 jackals
  3 kobolds
  6 quokkas
  10 ball pythons
  2 frilled lizards (D:1)
  8 rats
111 creatures vanquished.

Vanquished Creatures (collateral kills)
  A gnoll bouda (D:6)
1 creature vanquished.

Vanquished Creatures (others)
  An ancestor (D:6)
  2 fungi (D:1)
  11 plants (D:1)
14 creatures vanquished.

Grand Total: 126 creatures vanquished

Notes
Turn   | Place    | Note
-------+----------+-------------------------------------------
     0 | D:1      | mortz the Kobold Earth Elementalist began the quest for the
                  | Orb.
     0 | D:1      | Reached XP level 1. HP: 10/10 MP: 3/3
   116 | D:1      | Reached XP level 2. HP: 15/15 MP: 0/5
   554 | D:1      | Reached XP level 3. HP: 19/19 MP: 3/6
  1187 | D:1      | Found a faded altar of an unknown god.
  1749 | D:2      | Reached XP level 4. HP: 24/24 MP: 5/7
  2369 | D:2      | Found Fede's Armour Shop.
  2872 | D:3      | Noticed Grinder
  2883 | D:3      | Killed Grinder
  2884 | D:3      | Reached skill level 1 in Short Blades
  2884 | D:3      | Reached skill level 5 in Stealth
  2884 | D:3      | Reached XP level 5. HP: 28/28 MP: 3/11
  2884 | D:3      | Reached XP level 6. HP: 32/32 MP: 3/12
  4323 | D:4      | Noticed a black bear
  4329 | D:4      | Killed a black bear
  4330 | D:4      | Reached XP level 7. HP: 37/37 MP: 10/13
  4871 | D:4      | Found Maotao's Gadget Gallery.
  5021 | D:4      | Reached skill level 1 in Fighting
  5564 | D:5      | Entered Level 5 of the Dungeon
  6043 | D:5      | Reached skill level 5 in Earth Magic
  6045 | D:5      | Reached skill level 5 in Spellcasting
  6111 | D:5      | Found a snail-covered altar of Cheibriados.
  6153 | D:5      | Found a staircase to the Ecumenical Temple.
  6159 | Temple   | Entered the Ecumenical Temple
  6162 | Temple   | Found a transporter.
  6162 | Temple   | Found a transporter.
  6164 | Temple   | Found a transporter.
  6164 | Temple   | Found a transporter.
  6216 | Temple   | Became a worshipper of Hepliaklqana the Forgotten
  6311 | D:5      | Reached XP level 8. HP: 34/43 MP: 10/15
  6574 | D:5      | Found a burning altar of Makhleb.
  6802 | D:4      | Learned a level 2 spell: Passwall
  6806 | D:4      | Learned a level 3 spell: Stone Arrow
  7587 | D:6      | Found an opulent altar of Gozag.
  7646 | D:6      | Reached * piety under Hepliaklqana
  7814 | D:6      | Reached skill level 1 in Armour
  8172 | D:6      | HP: 1/38 [orc warrior/+0 long sword (3)]
  8183 | D:5      | Mangled by an orc warrior

Illustrated notes

Levels and vault maps discovered:
D:1:      psy_arrival_conway, layout_loops_corners,
          shapermc_ecumenical_altar_mp_urbaneastern, serial_rivers,
          chequers_serial_rivers_room_b, chequers_serial_rivers_large_b,
          chequers_serial_rivers_micro_d, chequers_serial_rivers_marsh
D:2:      layout_basic, serial_shops, shop, minmay_crystal_room
D:3:      layout_loops_ring, uniq_grinder
D:4:      layout_layer_cave, grunt_decor_arrowhead, nicolae_shop_gadgets
D:5:      minmay_spotlight, layout_basic, kennysheep_mini,
          mainiacjoe_overflow_alcove_2, minmay_temple_entry_gardened_gates
D:6:      layout_cave_pods, grunt_gozag_statues, serial_shops, shop_fountains
Temple:   hellmonk_temple_divided_pantheon

Skill      XL: |  1  2  3  4  5  6  7  8 |
---------------+-------------------------+-----
Stealth        | 3 5 6 |  6.7
Spellcasting   | 4 5 6 |  6.1
Short Blades   | 1 |  1.9
Earth Magic    | 4 5 6 |  6.1
Fighting       | 1 |  1.1
Dodging        | 3 |  3.0
Armour         | 2 |  2.0
Transmutations | |  1.9

Action                   |  1- 3 |  4- 6 |  7- 9 || total
-------------------------+-------+-------+-------++-------
Melee: Flail             |     9 |       |       ||     9
       Dagger            |     7 |    11 |    12 ||    30
       Short sword       |       |       |     7 ||     7
 Cast: Sandblast         |    32 |    42 |    87 ||   161
Invok: Ancestor Identity |       |       |     1 ||     1
  Use: Scroll            |     1 |     6 |     3 ||    10
       Potion            |       |       |     1 ||     1
 Stab: Sleeping          |    14 |    10 |    16 ||    40
Armor: Robe              |     2 |     6 |     3 ||    11
       Leather armour    |       |       |     6 ||     6
Dodge: Dodged            |    24 |    29 |    54 ||   107
